 Dungeon Crawl Stone Soup version 0.26.1-11-gd32895ea62 (webtiles) character file.

Game seed: 2653132383233652894

3114 ABBCCCDDDD the Fighter (level 9, -1/68 HPs)
             Began as an Octopode Ice Elementalist on July 20, 2021.
             Was an Elder of Jiyva.
             Slain by a two-headed ogre
             ... wielding a +0 giant spiked club
              (18 damage)
             ... on level 7 of the Dungeon.
             The game lasted 00:28:00 (12863 turns).

ABBCCCDDDD the Fighter (Octopode Ice Elementalist) Turns: 12863, Time: 00:28:01

Health: -1/68      AC:  1    Str:  7    XL:     9   Next: 91%
Magic:  12/12      EV: 15    Int: 16    God:    Jiyva [****..]
Gold:   340        SH:  0    Dex: 17    Spells: 5/12 levels left

rFire    x . .     SeeInvis .   a - +2 mace (protect)
rCold    + . .     Faith    .   (no shield)
rNeg     . . .     Spirit   .   (helmet restricted)
rPois    .         Reflect  .   (no amulet)
rElec    .         Harm     .   n - ring of stealth
rCorr    +         Rampage  .   u - ring of ice
Will     +....                  B - ring of willpower
Stlth    +++++.....             (no ring)
HPRegen  0.21/turn              (no ring)
MPRegen  0.13/turn              (no ring)
                                (no ring)
                                (no ring)

@: no status effects
A: almost no armour, stealthy swim, amphibious, 8 rings, constrict 8, camouflage
1, gelatinous body 1
a: Renounce Religion, Request Jelly, Slimify


You were on level 7 of the Dungeon.
You worshipped Jiyva.
Jiyva was greatly pleased with you.
You visited 2 branches of the dungeon, and saw 9 of its levels.

You collected 490 gold pieces.
You spent 150 gold pieces at shops.

Inventory:

Hand Weapons
 a - a +2 mace of protection (weapon)
 b - a +0 hunting sling
 C - a +0 glaive
Missiles
 e - 201 stones
 g - 2 throwing nets
Armour
 y - a +2 tower shield of fire resistance
 E - a +0 kite shield
Jewellery
 n - a ring of stealth (left tentacle)
 u - a ring of ice (right tentacle)
 B - a ring of willpower (on tentacle)
Wands
 s - a wand of digging (3)
 F - a wand of flame (18)
Scrolls
 d - 2 scrolls of blinking {unknown}
 i - 2 scrolls of remove curse
 j - 3 scrolls of teleportation
 m - a scroll of enchant weapon
 q - a scroll of random uselessness {unknown}
 r - 2 scrolls of magic mapping {unknown}
 v - a scroll of immolation {unknown}
 w - 2 scrolls of enchant armour {unknown}
 A - a scroll of amnesia {unknown}
 G - 2 scrolls of noise {unknown}
Potions
 c - a potion of magic
 f - a potion of invisibility
 h - 2 potions of mutation
 k - 2 potions of might
 l - a potion of berserk rage {unknown}
 o - a potion of curing
 p - 5 potions of flight
 t - 2 potions of degeneration {unknown}
 x - a potion of brilliance {unknown}
 z - 2 potions of attraction {unknown}
 D - a potion of cancellation {unknown}
 H - a potion of lignification {unknown}


   Skills:
 * Level 9.3 Fighting
 + Level 5.9 Maces & Flails
 - Level 4.0 Dodging
 - Level 5.0 Stealth
 + Level 5.1 Shields
 - Level 2.0 Spellcasting
 - Level 5.0 Ice Magic


You had 5 spell levels left.
You knew the following spells:

 Your Spells              Type           Power        Failure   Level
a - Freeze                Ice            100%         2%          1
b - Ozocubu's Armour      Ice            26%          8%          3
c - Frozen Ramparts       Ice            52%          8%          3

Your spell library contained the following spells:

 Spells                   Type           Power        Failure   Level
 Hailstorm                Conj/Ice       14%          58%         4
 Summon Ice Beast         Ice/Summ       14%          58%         4


Dungeon Overview and Level Annotations

Branches:
Dungeon (8/15)             Temple (1/1) D:6
   Lair: D:8-11

Altars:
Ashenzari
Cheibriados
Dithmenos
Elyvilon
Fedhas
Gozag
Hepliaklqana
Kikubaaqudgha
Makhleb
Nemelex Xobeh
Okawaru
Qazlal
Ru
Sif Muna
Trog
Uskayaw
Vehumet
Wu Jian
Xom
Zin
The Shining One
Jiyva

Shops:
D:5 [

Annotations:
D:4 2 transporters, Rwicked's ghost, amateur GrGl
D:8 exclusion: centaur warrior


Innate Abilities, Weirdness & Mutations

You cannot wear most types of armour.
You are very stealthy in the water. (Stealth+)
You are amphibious.
You can wear up to eight rings at the same time.
You can use your tentacles to constrict eight enemies at once.
Your skin changes colour to match your surroundings (Stealth+).
Your rubbery body absorbs attacks. (AC +1, EV +1)


Message History

r - Retreat! s - Stop attacking. g - Guard the area. f - Follow me.
Anything else - Cancel.
Gang up on whom?
Press: ? - help, Dir - move target, f - two-headed ogre
Aim: a two-headed ogre, wielding a +0 giant spiked club and a +0 giant club (lightly wounded, covered in acid) Attack!
The two-headed ogre is no longer covered in acid.
The jelly hits the two-headed ogre but does no damage.
The two-headed ogre hits you with a +0 giant spiked club!
The two-headed ogre closely misses you.
You climb upwards.
There is a stone staircase leading down here.
You swap places.
The two-headed ogre hits you with a +0 giant spiked club!!
The two-headed ogre hits you with a +0 giant club!
The two-headed ogre hits you with a +0 giant spiked club!
* * * LOW HITPOINT WARNING * * *
The two-headed ogre hits you with a +0 giant club!!
You die...

############........## ##.
#...................## #..
#......J.............# ##.
####...............#.## #.
##...............##.## ##
##.....J..........###.####
##..........J....J## #.....
#.#....J..........####.....
#.....J..O@........##.....#
##................>.......#
###.....J............####...
#####.#..............##..#
####
#.....#..............##..#
######.......J.......##..#
#.............#.##..#
#####............#.##..#####
#.###..............###..##.#


You could see a two-headed ogre and 8 neutral jellies (fellow slime).

Vanquished Creatures
  A two-headed ogre (D:7)
  Maggie (D:7)
  4 yaks
  A water moccasin (D:6)
  2 orc warriors
  An ice beast (D:5)
  A sky beast (D:6)
  An ogre (D:7)
  2 centaurs
  2 bullfrogs (D:6)
  A big kobold (D:2)
  A scorpion (D:7)
  A killer bee (D:7)
  5 wights (D:7)
  A crimson imp (D:5)
  A hound (D:3)
  A jelly (D:5)
  A gnoll shaman (D:6)
  4 orc wizards
  A centaur skeleton (D:5)
  Jessica (D:2)
  2 iguanas
  Natasha (thrice) (D:3)
  A worker ant (D:6)
  Robin (D:4)
  17 gnolls
  7 adders
  A shadow imp (D:8)
  3 white imps
  An ufetubus (D:6)
  An ooze (D:1)
  An adder zombie (D:6)
  4 worms
  2 dart slugs
  9 leopard geckos
  18 orcs
  5 bats
  6 giant cockroaches
  12 goblins
  12 hobgoblins
  7 quokkas
  7 frilled lizards
  A goblin skeleton (D:5)
  2 goblin zombies (D:5)
  A hobgoblin zombie (D:5)
  7 kobolds
  3 kobold skeletons (D:5)
  2 kobold zombies (D:5)
  3 orc skeletons (D:5)
  A quokka zombie (D:8)
  8 rats
182 creatures vanquished.

Vanquished Creatures (others)
  A wizard (D:3)
  2 yaks
  2 ogres
  A water moccasin skeleton (D:6)
  2 killer bees (D:7)
  A howler monkey (D:7)
  A quasit (D:8)
  An orc priest (D:7)
  12 jellies
  An orc wizard (D:8)
  2 gnolls (D:6)
  A white imp (D:7)
  An ooze (D:6)
  2 ufetubi
  9 orcs
  3 jackals (D:7)
42 creatures vanquished.

Grand Total: 224 creatures vanquished

Notes
Turn   | Place    | Note
-------+----------+-------------------------------------------
     0 | D:1      | ABBCCCDDDD the Octopode Ice Elementalist began the quest
                  | for the Orb.
     0 | D:1      | Reached XP level 1. HP: 11/11 MP: 3/3
   247 | D:1      | Reached skill level 1 in Fighting
   247 | D:1      | Reached XP level 2. HP: 16/18 MP: 5/5
   670 | D:1      | Reached XP level 3. HP: 24/24 MP: 6/6
   708 | D:1      | Learned a level 3 spell: Ozocubu's Armour
  1114 | D:2      | Noticed a big kobold
  1396 | D:2      | Killed a big kobold
  1397 | D:2      | Reached skill level 2 in Fighting
  1397 | D:2      | Reached XP level 4. HP: 14/30 MP: 3/7
  1801 | D:2      | Noticed Jessica
  1810 | D:2      | Killed Jessica
  1811 | D:2      | Reached skill level 3 in Fighting
  1811 | D:2      | Reached XP level 5. HP: 32/36 MP: 8/8
  2649 | D:3      | Found a shimmering blue altar of Sif Muna.
  2734 | D:3      | Found a bloodstained altar of Trog.
  2735 | D:3      | Noticed a wizard
  2740 | D:3      | Killed a wizard
  2787 | D:3      | Found a bloodstained altar of Trog.
  2789 | D:3      | Found an iron altar of Okawaru.
  2921 | D:3      | Noticed Natasha
  2930 | D:3      | Killed Natasha
  2940 | D:3      | Reached XP level 6. HP: 39/43 MP: 6/9
  2943 | D:3      | Reached skill level 1 in Maces & Flails
  3103 | D:3      | Found a white marble altar of Elyvilon.
  3296 | D:3      | Noticed Natasha
  3305 | D:3      | Killed Natasha
  3306 | D:3      | Reached skill level 5 in Ice Magic
  3506 | D:3      | Reached skill level 4 in Fighting
  3580 | D:3      | Noticed Natasha
  3589 | D:3      | Killed Natasha
  3590 | D:3      | Reached skill level 5 in Stealth
  3633 | D:4      | Noticed Robin
  3979 | D:4      | Found a transporter.
  3982 | D:4      | Found a transporter.
  3982 | D:4      | Noticed Rwicked's ghost (amateur GrGl)
  4369 | D:4      | Killed Robin
  4644 | D:5      | Entered Level 5 of the Dungeon
  4663 | D:5      | Reached XP level 7. HP: 49/49 MP: 10/10
  4740 | D:5      | Reached skill level 5 in Fighting
  5036 | D:5      | Found Yneamm's Antique Armour Shop.
  5501 | D:5      | Bought a runed tower shield for 150 gold pieces
  5878 | D:5      | Found a glowing golden altar of the Shining One.
  5994 | D:5      | Reached skill level 1 in Shields
  6374 | D:5      | Found a glowing silver altar of Zin.
  6678 | D:6      | Reached skill level 6 in Fighting
  6678 | D:6      | Reached XP level 8. HP: 34/57 MP: 8/11
  6940 | D:6      | Found a staircase to the Ecumenical Temple.
  6964 | D:6      | HP: 2/57 [gnoll/+0 halberd (14)]
  6973 | D:6      | HP: 2/57 [worker ant (1)]
  6980 | D:6      | Found a blossoming altar of Fedhas.
  7406 | D:6      | Found an opulent altar of Gozag.
  7555 | D:6      | Found a shadowy altar of Dithmenos.
  7590 | Temple   | Entered the Ecumenical Temple
  7594 | Temple   | Became a worshipper of Jiyva Jariof the Shapeless
  8415 | D:6      | Reached * piety under Jiyva
  8487 | D:6      | Found a hide-covered altar of Uskayaw.
  8607 | D:6      | Found a broken altar of Ashenzari.
  8837 | D:7      | Reached skill level 7 in Fighting
  8852 | D:7      | Learned a level 3 spell: Frozen Ramparts
  8951 | D:7      | Reached ** piety under Jiyva
  9522 | D:6      | Reached XP level 9. HP: 9/64 MP: 10/12
 10353 | D:7      | Noticed Maggie
 10379 | D:7      | Killed Maggie
 10380 | D:7      | Reached skill level 8 in Fighting
 10380 | D:7      | Reached skill level 5 in Maces & Flails
 10773 | D:7      | Reached *** piety under Jiyva
 11345 | D:8      | Noticed a centaur warrior
 11377 | D:8      | Noticed a two-headed ogre
 11540 | D:7      | Killed a two-headed ogre
 11857 | D:8      | Noticed a two-headed ogre
 12002 | D:7      | Reached skill level 9 in Fighting
 12007 | D:7      | Reached skill level 5 in Shields
 12199 | D:8      | Reached **** piety under Jiyva
 12516 | D:8      | Found a sparkling altar of Nemelex Xobeh.
 12670 | D:8      | Found a burning altar of Makhleb.
 12863 | D:7      | Slain by a two-headed ogre

Illustrated notes

Levels and vault maps discovered:
D:1:      dpeg_arrival_snail, layout_basic
D:2:      layout_loops_cross, serial_glass, glass_columns_b, glass_columns_c,
          minmay_close_crescents, uniq_jessica
D:3:      layout_rooms, nicolae_overflow_hidden_temple, elyvilon_altar_1,
          lemuel_round_altar, trog_wizard, uniq_natasha
D:4:      layout_gridville, gammafunk_ghost_arena, minmay_misc_feat_hallway,
          uniq_robin
D:5:      layout_loops_ring, serial_shops, shop, basic_altar,
          nicolae_tso_besieged_by_evil
D:6:      layout_cave_pools, grunt_dithmenos_smoke_and_mirrors,
          nicolae_gozag_cash_rules_everything_around_me, minitemple,
          minmay_temple_entry_hall, gup_sewer_entry_bowl,
          fedhas_bush_and_centaur_altar
D:7:      layout_layer_cave, corexii_hall_statues_l, uniq_maggie
D:8:      layout_cave_pods, lightli_temple_of_fire, kennysheep_mini_moat,
          small_chamber_with_monster
Temple:   pf_slimified_temple

Skill      XL: |  1  2  3  4  5  6  7  8  9 |
---------------+----------------------------+-----
Fighting       | 1 2 3 4 6 7 9 |  9.3
Stealth        | 3 4 5 |  5.0
Maces & Flails | 2 3 4 5 |  5.9
Ice Magic      | 5 |  5.0
Shields        | 1 3 5 |  5.1
Dodging        | 3 4 |  4.0
Spellcasting   | |  2.0

Action                   |  1- 3 |  4- 6 |  7- 9 || total
-------------------------+-------+-------+-------++-------
Melee: Unarmed           |    14 |       |       ||    14
       Constrict         |    11 |    39 |    69 ||   119
       Tentacles         |     7 |    23 |    71 ||   101
       Short sword       |    33 |       |       ||    33
       Mace              |       |   143 |   367 ||   510
 Cast: Freeze            |    12 |    10 |       ||    22
       Ozocubu's Armour  |     1 |     3 |    41 ||    45
       Frozen Ramparts   |       |       |     6 ||     6
Invok: Request Jelly     |       |       |     1 ||     1
Evoke: Wand              |       |       |     4 ||     4
  Use: Scroll            |       |       |     8 ||     8
       Potion            |       |       |     3 ||     3
 Stab: Sleeping          |     8 |    13 |     5 ||    26
       Distracted        |       |       |     2 ||     2
Armor: Skin              |     8 |    37 |   120 ||   165
Dodge: Dodged            |    26 |    92 |   306 ||   424
